 Dungeon Crawl Stone Soup version 0.22-a0-91-g23542c2 (webtiles) character file.

21 4thArraOfDagon the Caller (level 2, -1/11 HPs)
             Began as a Felid Summoner on Jan 22, 2018.
             Slain by a quokka (5 damage)
             ... on level 2 of the Dungeon.
             The game lasted 00:04:07 (645 turns).

4thArraOfDagon the Caller (Felid Summoner)           Turns: 645, Time: 00:04:08

Health: -1/11      AC:  1    Str:  4    XL:     2   Next: 62%
Magic:  5/6        EV: 18    Int: 16    God:
Gold:   90         SH:  0    Dex: 16    Spells: 4/5 levels left
                                        Lives:  0   Deaths: 0

rFire    . . .     SeeInvis +     - Unarmed
rCold    . . .     Gourm    .   (shield unavailable)
rNeg     . . .     Faith    .   (armour unavailable)
rPois    .         Spirit   .   (helmet unavailable)
rElec    .         Reflect  .   (cloak unavailable)
rCorr    .         Harm     .   (gloves unavailable)
MR       .....                  (boots unavailable)
Stlth    +++.......             (no amulet)
HPRegen  0.03/turn              (no ring)
MPRegen  0.10/turn              (no ring)

@: quick
A: very small, no armour, no weapons or thrown items, stealth, claws 1, fangs 3,
see invisible, carnivore, speed 1, shaggy fur 1, slow metabolism 1, sharp paws
a: no special abilities


You were on level 2 of the Dungeon.
You were very full.

You visited 1 branch of the dungeon, and saw 2 of its levels.

You collected 90 gold pieces.

Inventory:

Scrolls
 c - a scroll of remove curse {unknown}
 d - a scroll of fog {unknown}
 e - a scroll of amnesia {unknown}
Potions
 g - a potion of might {unknown}
Books
 a - a book of Callings

   Spells                             Type                      Level
   a - Summon Small Mammal            Summoning                    1
   b - Call Imp                       Summoning                    2
   c - Call Canine Familiar           Summoning                    3
   d - Summon Guardian Golem          Hexes/Summoning              3
   e - Summon Lightning Spire         Summoning/Air                4
   f - Summon Ice Beast               Ice/Summoning                4
 f - a book of Misfortune

   Spells                             Type                      Level
   a - Confusing Touch                Hexes                        1
   b - Confuse                        Hexes                        3
   c - Gell's Gravitas                Translocation                3
   d - Petrify                        Transmutation/Earth          4
   e - Metabolic Englaciation         Hexes/Ice                    5
   f - Yara's Violent Unravelling     Hexes/Transmutation          5
Comestibles
 b - 2 rations


   Skills:
 + Level 3.1 Dodging
 + Level 3.2 Stealth
 * Level 1.6 Unarmed Combat
 - Level 2.0 Spellcasting
 - Level 4.0 Summonings


You had 4 spell levels left.
You knew the following spells:

 Your Spells              Type           Power        Failure   Level  Hunger
a - Summon Small Mammal   Summ           ##..         4%          1    #......


Dungeon Overview and Level Annotations

Branches:
Dungeon (2/15)

Altars:


Innate Abilities, Weirdness & Mutations

You cannot wear armour.
You are incapable of wielding weapons or throwing items.
Your paws allow you to move quietly. (Stealth)
You have sharp claws.
You have razor-sharp teeth.
You have supernaturally acute eyesight. (SInv)
You are carnivorous and can eat meat at any time.
You cover ground quickly.
You are covered in fur. (AC +1)
You have a slow metabolism.
Your sharp claws are effective at attacking unaware monsters.


Message History

The quokka is moderately wounded.
Your rat barely misses the quokka.
Your quokka closely misses the quokka.
The quokka bites you.
* * * LOW HITPOINT WARNING * * *
Unknown command.
Unknown command.
Your quokka barely misses the quokka.
Your rat barely misses the quokka.
Unknown command.
Unknown command.
Unknown command.
Unknown command.
Unknown command.
Unknown command.
The quokka misses you.
Unknown command.
Unknown command.
Your rat closely misses the quokka.
Your quokka misses the quokka.
Unknown command.
Your rat closely misses the quokka.
The quokka bites you.
You die...

#....................
#....)....#####.#....
#.........##### # #
#..............
#.........#####
#........†#...
#...rr......# b
#....r....### .
##....@.### . ######.#
######. #.# #.....# #.#
#...... #.### #.....#
#.#.. #.#.... #.#.#####
#......
#.#.#...###...###
#########.#.....#..r..#


You could see a quokka, a friendly quokka and a friendly rat.

Vanquished Creatures
  A leopard gecko (D:1)
  2 hobgoblins (D:1)
  2 bats (D:1)
  A frilled lizard (D:2)
  2 rats (D:2)
8 creatures vanquished.

Vanquished Creatures (collateral kills)
  An adder (D:1)
  A leopard gecko (D:2)
  A giant cockroach (D:1)
  A goblin (D:1)
  2 hobgoblins
  2 jackals (D:1)
  A kobold (D:1)
  A frilled lizard (D:1)
  A rat (D:1)
11 creatures vanquished.

Vanquished Creatures (others)
  4 toadstools (D:1)
4 creatures vanquished.

Grand Total: 23 creatures vanquished

Notes
Turn   | Place    | Note
-------+----------+-------------------------------------------
     0 | D:1      | 4thArraOfDagon the Felid Summoner began the quest for the Orb.
     0 | D:1      | Reached XP level 1. HP: 7/7 MP: 4/4
   189 | D:1      | Reached skill level 1 in Unarmed Combat
   195 | D:1      | Reached XP level 2. HP: 6/11 MP: 6/6
   342 | D:2      | Noticed an ogre
   645 | D:2      | Slain by a quokka

Vault maps used:
D:1:      ldierk_walled_garden_2, hangedman_decor_growths

Skill      XL: |  1 |
---------------+----+-----
Stealth        | 3 |  3.2
Unarmed Combat | 1 |  1.6
Dodging        | 3 |  3.1
Spellcasting   | |  2.0
Summonings     | |  4.0

Action                   || total
-------------------------++-------
Melee: Unarmed           ||    24
 Cast: Summon Small Mamm ||    31
  Use: Potion            ||     1
 Stab: Sleeping          ||     6
  Eat: Chunk             ||     6
Dodge: Dodged            ||    28

Table legend:
 A = Spawn XP
 B = Non-spawn XP
 C = Spawn XP percentage of total XP
 D = Spawn monster count
 E = Non-spawn monster count
 F = Spawn count percentage of total count
 G = Total turns spent on level
                    A         B        C        D         E        F      G
               +---------+---------+-------+---------+---------+-------+---------
         Total |       0 |      30 |   0.0 |       0 |      19 |   0.0 |   645
               +---------+---------+-------+---------+---------+-------+---------
           D:1 |       0 |      24 |   0.0 |       0 |      14 |   0.0 |   520
           D:2 |       0 |       6 |   0.0 |       0 |       5 |   0.0 |   125
               +---------+---------+-------+---------+---------+-------+---------
